 Dungeon Crawl Stone Soup version 0.24-a0-130-ga3c21ff (webtiles) character file.

Game seed: 15972378965639269665

161 gruber the Sneak (level 5, -7/25 HPs)
             Began as a Spriggan Assassin on Feb 26, 2019.
             Killed from afar by an orc wizard (9 damage)
             ... with a magic dart
             ... on level 3 of the Dungeon.
             The game lasted 00:05:40 (2880 turns).

gruber the Sneak (Spriggan Assassin)                Turns: 2880, Time: 00:05:41

Health: -7/25      AC:  3    Str:  7    XL:     5   Next: 19%
Magic:  6/6        EV: 17    Int: 12    God:
Gold:   230        SH:  0    Dex: 19    Spells: 4/4 levels left

rFire    . . .     SeeInvis +   u - +2 short sword (drain)
rCold    . . .     Gourm    .   (shield restricted)
rNeg     . . .     Faith    .   c - +0 robe
rPois    .         Spirit   .   (helmet restricted)
rElec    .         Reflect  .   d - +0 cloak
rCorr    .         Harm     .   (gloves unavailable)
MR       .....                  (boots unavailable)
Stlth    ++++......             (no amulet)
HPRegen  0.08/turn              (no ring)
MPRegen  0.10/turn              (no ring)

@: very quick
A: very small, unfitting armour, see invisible, herbivore, speed 3, slow
metabolism 2
a: no special abilities


You were on level 3 of the Dungeon.
You were not hungry.

You visited 1 branch of the dungeon, and saw 3 of its levels.

You collected 230 gold pieces.

Inventory:

Hand Weapons
 a - a +2 dagger
 b - a +0 blowgun
 i - a +0 hunting sling
 u - a +2 short sword of draining (weapon)
Missiles
 e - 26 poisoned needles
 f - 2 curare-tipped needles
 m - 155 stones (quivered)
 q - 6 needles of confusion
Armour
 c - a +0 robe (worn)
 d - a +0 cloak (worn)
Jewellery
 s - an uncursed amulet of magic regeneration {unknown}
Scrolls
 j - a scroll of enchant armour {unknown}
 k - a scroll of fog {unknown}
 l - 2 scrolls of remove curse {unknown}
 n - 2 scrolls of magic mapping {unknown}
Potions
 h - a potion of haste {unknown}
 o - a potion of magic {unknown}
 p - a potion of degeneration {unknown}
 r - 2 potions of mutation {unknown}
 t - a potion of agility {unknown}
 v - a potion of heal wounds {unknown}
Comestibles
 g - 5 rations


   Skills:
 - Level 1.5 Fighting
 - Level 5.2 Short Blades
 - Level 2.3(2.9) Slings
 - Level 2.0(2.4) Throwing
 - Level 1.5 Dodging
 * Level 6.2 Stealth


You had 4 spell levels left.
You didn't know any spells.
Your spell library was empty.

Dungeon Overview and Level Annotations

Branches:
Dungeon (3/15)

Altars:
Elyvilon
Hepliaklqana
Beogh


Innate Abilities, Weirdness & Mutations

You are very small and have problems with some larger weapons.
You are too small for most types of armour.
You have supernaturally acute eyesight. (SInv)
You are a herbivore.
You cover ground extremely quickly.
You need to consume almost no food.


Message History

An orc wizard is wielding a +2 dagger of freezing.
Found 33 gold pieces.
There is an open door here.
The orc priest shouts!
The orc wizard shouts!
The orc priest invokes the aid of Beogh against you.
Pain shoots through your body! The orc wizard casts a spell at you.
The magic dart hits you!
* * * LOW HITPOINT WARNING * * *
The orc wizard shouts!
Char dumped successfully.
The orc wizard mumbles some strange words.
The orc wizard seems to speed up.
There is an open door here.
The orc wizard points at you and mumbles some strange words.
The magic dart hits you.
* * * LOW HITPOINT WARNING * * *
The orc wizard points at you and mumbles some strange words.
The magic dart hits you!
You die...

#$8o8$#.......#
♣..♣
###$_$##...)...#
♣..♣
#.#####..o.....#
♣..♣ #.#
#..........#
♣♣.♣♣ #.#
#..........#
♣.♣♣ #.#
#####...####
♣♣.♣ #.# #...#
♣.♣♣
#.#######...###
♣.♣
#.......'...@.#
♣.♣♣
#########...#.#
♣..♣ #...#.#
♣♣.♣ #####.#
♣.♣♣ #.# ♣†.♣
#.# ♣♣.♣ ♣ #.#
♣♣.♣ ♣♣♣ #.#
♣.♣♣ ♣.. #.#
♣♣.♣ ♣♣..


You could see an orc wizard.

Vanquished Creatures
  9 adders
  4 worms
  2 leopard geckos
  9 bats
  3 giant cockroaches
  9 goblins
  8 hobgoblins
  4 jackals
  3 quokkas
  3 frilled lizards
  9 kobolds
  5 rats
68 creatures vanquished.

Notes
Turn   | Place    | Note
-------+----------+-------------------------------------------
     0 | D:1      | gruber the Spriggan Assassin began the quest for the Orb.
     0 | D:1      | Reached XP level 1. HP: 10/10 MP: 2/2
   299 | D:1      | Reached XP level 2. HP: 10/14 MP: 3/3
   443 | D:1      | You fall through a shaft!
   443 | D:2      | Found a white marble altar of Elyvilon.
   565 | D:2      | Reached XP level 3. HP: 18/18 MP: 4/4
   777 | D:2      | Found a hazy altar of Hepliaklqana.
   966 | D:2      | Reached XP level 4. HP: 22/22 MP: 5/5
  1275 | D:2      | Reached skill level 5 in Short Blades
  1992 | D:3      | Reached skill level 1 in Slings
  2397 | D:3      | Reached XP level 5. HP: 25/25 MP: 6/6
  2515 | D:3      | Reached skill level 6 in Stealth
  2862 | D:3      | Found a roughly hewn altar of Beogh.
  2880 | D:3      | Killed from afar by an orc wizard

Levels and vault maps discovered:
D:1:      dpeg_arrival_pits, layout_basic, minmay_unequal
D:2:      layout_loops_corners, elyvilon_altar_5, marbit_many_paths,
          first_ration
D:3:      kb_forest_paths, layout_basic, kennysheep_orc_chapel

Skill      XL: |  1  2  3  4  5 |
---------------+----------------+-----
Short Blades   | 3 4 5 |  5.2
Slings         | 2 |  2.3
Stealth        | 6 |  6.2
Fighting       | |  1.5
Throwing       | |  2.0
Dodging        | |  1.5

Action                   |  1- 3 |  4- 6 || total
-------------------------+-------+-------++-------
Melee: Dagger            |    74 |    77 ||   151
       Short sword       |       |    23 ||    23
 Fire: Blowgun           |    19 |    24 ||    43
       Hunting sling     |       |    15 ||    15
 Stab: Sleeping          |    10 |    11 ||    21
Armor: Robe              |    13 |    17 ||    30
Dodge: Dodged            |    64 |    81 ||   145

Table legend:
 A = Non-vault XP
 B = Vault XP
 C = Vault XP percentage of total XP
 D = Non-vault monster count
 E = Vault monster count
 F = Vault count percentage of total count
                 A         B        C        D         E       F
            +---------+---------+-------+---------+---------+-------
      Total |     223 |       8 |   3.5 |      61 |       7 |  10.3
            +---------+---------+-------+---------+---------+-------
        D:1 |      17 |       0 |   0.0 |      10 |       0 |   0.0
        D:2 |     119 |       1 |   0.8 |      26 |       1 |   3.7
        D:3 |      87 |       7 |   7.4 |      25 |       6 |  19.4
            +---------+---------+-------+---------+---------+-------
